Map: Honorgrounds LE

Players

lIlIlIlIlIl - Winner!

  • Race: Zerg Zerg
  • League: Master
  • Spawn Location: 5:00

vTriple

  • Race: Terran Terran
  • League: Diamond
  • Spawn Location: 11:00

VOD

Have the link to the VOD?

Description

Time

  • Played on: Feb. 13, 2017, 4:54 p.m.
  • Length: 17:30
Show
View Real Time Build Order
Export as new Build Order

lIlIlIlIlIl Zerg - Winner!

Build Orders: Hatch First 

Get SALT Encoding   

  12  0:01  Drone  
  13  0:13  Overlord  
  13  0:18  Drone  
  14  0:31  Drone x2  
  16  0:36  Drone  
  17  0:55  Hatchery  
  16  0:58  Drone  
  16  1:01  Drone  
  18  1:12  Extractor  
  18  1:17  Spawning Pool  
  16  1:19  Drone  
  16  1:23  Drone  
  18  1:28  Drone  
  19  1:40  Overlord  
  19  1:53  Drone  
  20  2:04  Queen  
  20  2:05  Zergling x2  
  20  2:07  Queen  
  20  2:08  Zergling x2  
  26  2:14  Drone  
  27  2:18  Metabolic Boost  
  27  2:22  Drone x2  
  29  2:39  Drone x3  
  29  2:44  Queen  
  34  2:51  Overlord  
  34  3:01  Hatchery  
  33  3:06  Drone  
  33  3:07  Drone  
  33  3:08  Drone  
  36  3:13  Drone x3  
  36  3:15  Overlord  
  39  3:23  Drone x2  
  39  3:26  Drone x2  
  43  3:31  Overlord  
  43  3:34  Drone x2  
  45  3:42  Roach Warren  
  45  3:46  Queen, Drone x2  
  48  3:52  Extractor x2  
  48  3:55  Drone x3  
  49  3:59  Drone x3  
  49  4:01  Drone  
  53  4:05  Zergling x2  
  54  4:18  Zergling x4  
  54  4:22  Queen  
  58  4:29  Lair  
  58  4:30  Overlord  
  58  4:31  Overlord x2  
  58  4:34  Roach x2  
  58  4:35  Roach  
  64  4:44  Overlord x2  
  64  4:47  Evolution Chamber, Spore Crawler  
  64  4:48  Evolution Chamber, Drone  
  64  4:52  Drone x2  
  64  5:01  Drone  
  64  5:02  Drone x5  
  64  5:03  Drone  
  71  5:10  Spore Crawler  
  71  5:11  Overlord  
  70  5:16  Zerg Ground Armor Level 1  
  69  5:22  Drone x5  
  72  5:30  Drone  
  72  5:31  Drone x3  
  72  5:34  Ravager x3  
  79  5:38  Zerg Melee Weapons Level 1  
  79  5:41  Infestation Pit  
  78  5:50  Overlord  
  78  5:51  Drone  
  78  5:52  Drone x8  
  87  6:10  Hatchery  
  86  6:17  Extractor  
  83  6:19  Extractor  
  83  6:21  Drone x2  
  83  6:22  Drone  
  83  6:23  Drone x3  
  87  6:26  Drone x2  
  87  6:27  Roach  
  87  6:28  Roach x8  
  107  6:37  Overlord x3  
  107  6:42  Hive  
  107  6:43  Drone x2  
  107  6:45  Extractor  
  108  6:53  Overseer  
  108  6:55  Ravager x2  
  108  6:58  Drone x2  
  108  6:59  Drone  
  113  7:03  Infestor x2  
  117  7:12  Glial Reconstitution  
  117  7:25  Drone  
  118  7:30  Drone  
  118  7:31  Drone x13  
  132  7:37  Roach x2  
  132  7:42  Zerg Missile Weapons Level 1, Zerg Ground Armor Level 2  
  136  7:45  Pathogen Glands  
  136  7:49  Spore Crawler  
  136  7:50  Spore Crawler  
  134  7:51  Overseer  
  134  7:57  Extractor x2, Drone x2  
  134  7:58  Drone  
  135  7:59  Drone x3  
  135  8:00  Overlord  
  135  8:01  Overlord x3  
  138  8:05  Burrow  
  138  8:06  Infestor  
  140  8:24  Roach x5  
  140  8:25  Roach x2  
  152  8:39  Overlord x3  
  152  8:40  Overlord x2  
  152  8:42  Spire  
  141  9:01  Infestor x4  
  149  9:11  Roach x8  
  149  9:16  Ravager  
  168  9:17  Ravager x3  
  167  9:38  Hatchery  
  162  9:40  Roach x3  
  162  9:41  Roach x11  
  190  9:52  Spore Crawler  
  189  10:10  Greater Spire  
  189  10:11  Zerg Ground Armor Level 3, Zerg Missile Weapons Level 2  
  189  10:18  Drone  
  189  10:19  Spore Crawler, Drone x4  
  193  10:21  Spore Crawler x2  
  191  10:44  Adrenal Glands  
  191  10:45  Corruptor, Evolution Chamber  
  191  10:46  Corruptor x4  
  172  11:39  Neural Parasite  
  171  11:40  Zerg Melee Weapons Level 2  
  171  11:42  Drone  
  171  11:43  Drone x8  
  171  11:44  Drone  
  171  11:45  Drone x3  
  183  11:51  Queen  
  180  11:56  Overseer  
  180  11:57  Overseer x2  
  176  12:16  Corruptor x12  
  200  12:51  Hatchery  
  200  12:54  Zerg Missile Weapons Level 3  
  200  12:55  Zerg Flyer Weapons Level 1  
  177  13:08  Brood Lord x2  
  177  13:09  Brood Lord x4  
  177  13:11  Brood Lord  
  185  13:15  Extractor x2  
  185  13:16  Drone x3  
  185  13:18  Drone x3  
  187  13:21  Drone x2  
  187  13:22  Drone  
  187  13:26  Drone x7  
  191  13:50  Corruptor x3  
  191  13:51  Corruptor  
  199  14:07  Zerg Melee Weapons Level 3  
  199  14:12  Ultralisk Cavern  
  198  14:20  Baneling Nest  
  198  14:21  Drone x3  
  195  15:19  Spore Crawler  
  190  15:24  Chitinous Plating  
  190  15:25  Zergling x2  
  190  15:26  Zergling x18  
  200  15:32  Extractor  
  184  16:09  Zergling x24  
  184  16:10  Zergling x12  
  182  16:57  Zergling x24  
  182  16:58  Zergling x12  
Show
View Real Time Build Order
Export as new Build Order

vTriple Terran 

Build Orders: Reaper Expand, MMM Bio 

Get SALT Encoding   

  12  0:01  SCV  
  13  0:13  SCV  
  14  0:19  Supply Depot  
  14  0:25  SCV  
  15  0:29  Refinery  
  15  0:40  SCV  
  16  0:46  Barracks  
  16  0:53  SCV  
  17  1:05  SCV  
  18  1:17  SCV  
  19  1:32  Orbital Command  
  19  1:33  Reaper  
  20  1:45  Command Center  
  20  1:55  Factory  
  20  1:59  SCV  
  21  2:06  Barracks Reactor  
  21  2:13  Refinery  
  21  2:15  SCV  
  22  2:27  SCV  
  23  2:43  Supply Depot  
  23  2:50  Barracks Tech Lab  
  23  2:53  Starport  
  23  2:57  SCV, Supply Depot  
  23  3:00  Orbital Command  
  23  3:04  Hellion  
  25  3:09  SCV  
  25  3:11  Marine, Stimpack  
  27  3:18  Hellion  
  29  3:22  SCV  
  30  3:28  SCV  
  30  3:31  Medivac  
  30  3:34  SCV  
  34  3:36  Hellion  
  37  3:41  SCV  
  37  3:43  Hellion  
  37  3:46  SCV  
  37  3:48  Marine  
  41  3:54  SCV  
  42  3:59  SCV  
  45  4:05  Starport Reactor  
  45  4:07  SCV  
  44  4:15  SCV, Barracks  
  41  4:19  Command Center  
  41  4:21  Marine, SCV  
  43  4:36  SCV x2  
  43  4:37  Factory Reactor  
  45  4:39  Marine  
  46  4:48  SCV, Barracks x2  
  46  4:50  SCV  
  48  4:57  Marine  
  49  5:01  SCV  
  49  5:04  Marine x2  
  52  5:11  Engineering Bay, SCV  
  52  5:12  Barracks  
  52  5:13  Engineering Bay  
  52  5:14  Supply Depot  
  53  5:15  Marine  
  54  5:30  SCV x2  
  54  5:34  Marine  
  54  5:35  Marine, Barracks Reactor x2  
  58  5:37  Combat Shields  
  58  5:42  SCV  
  59  5:48  Refinery  
  59  5:50  Terran Infantry Armor Level 1, Terran Infantry Weapons Level 1  
  59  5:51  Refinery, SCV  
  59  5:54  Marine  
  61  5:59  SCV, Orbital Command  
  61  6:04  SCV, Bunker  
  62  6:06  Supply Depot  
  62  6:11  SCV  
  62  6:19  SCV  
  62  6:23  SCV  
  62  6:25  Marauder  
  64  6:26  Barracks Reactor  
  64  6:27  Marine x6  
  64  6:30  SCV  
  64  6:31  Refinery  
  72  6:32  SCV  
  72  6:36  Supply Depot  
  72  6:37  Medivac x2  
  72  6:38  Widow Mine x2  
  81  6:40  SCV  
  81  6:45  Marine  
  81  6:46  Marine x3  
  85  6:53  Supply Depot  
  85  6:58  Marine x3, SCV x3  
  85  7:00  Supply Depot  
  91  7:01  Supply Depot  
  91  7:07  Marine x2, Armory  
  93  7:13  Barracks  
  93  7:15  Marine x3, Medivac x2, SCV  
  101  7:17  Barracks  
  101  7:21  Marine x2, Widow Mine x2  
  107  7:24  Marauder  
  107  7:25  SCV x2  
  111  7:30  Supply Depot  
  111  7:32  SCV, Supply Depot  
  111  7:34  Marine x6  
  118  7:37  SCV  
  118  7:38  Supply Depot  
  118  7:39  Marine  
  118  7:43  Marine  
  121  7:45  Medivac, Marauder  
  125  7:51  Marine  
  125  7:52  Medivac  
  128  7:59  Marine, Supply Depot  
  128  8:00  Marine x2  
  128  8:01  Supply Depot  
  128  8:02  Supply Depot  
  128  8:04  SCV x3  
  134  8:06  Barracks Tech Lab, Marauder, Barracks Reactor  
  134  8:09  Widow Mine x2  
  140  8:35  Marine x2, Marauder x2  
  140  8:37  Widow Mine x2  
  150  8:45  Marine x3  
  150  8:46  Marine x3  
  152  8:56  Marauder x2  
  152  8:58  Marine x2  
  149  9:03  Marine x2  
  149  9:04  Medivac x2  
  149  9:07  Marine, Terran Ship Weapons Level 1  
  149  9:08  Marine x5, Starport  
  159  9:16  Marine x2  
  161  9:17  Marine  
  161  9:20  Refinery  
  161  9:22  Terran Infantry Weapons Level 2  
  161  9:23  Supply Depot  
  162  9:26  Terran Infantry Armor Level 2  
  162  9:27  Supply Depot  
  162  9:28  Widow Mine x2  
  166  9:34  Factory  
  158  9:39  Marine x3, Marauder x2  
  158  9:40  Marine x7  
  158  9:41  Liberator  
  172  9:49  Starport  
  172  9:53  Fusion Core  
  172  9:54  Liberator  
  172  9:55  Ghost Academy  
  172  9:57  Marine x2  
  172  9:58  Missile Turret  
  177  10:00  Marauder  
  182  10:17  Missile Turret  
  182  10:22  Marine x4, Marauder  
  182  10:23  Marine x3, Marauder  
  193  10:30  Command Center  
  193  10:33  Marine x3  
  196  10:38  Starport Tech Lab  
  196  10:39  Starport Reactor  
  196  10:40  Marine  
  197  10:52  Refinery  
  197  10:59  Refinery  
  155  11:27  Marine  
  155  11:28  Medivac x3, Marauder x2  
  155  11:32  Marine x2  
  148  11:33  Marine, Liberator x2  
  137  11:41  Liberator x3  
  131  11:48  Marine x3  
  131  11:49  Marine x3  
  138  11:58  Missile Turret  
  149  12:01  Marine x3, Marauder  
  149  12:02  Marine, Marauder  
  149  12:06  Marine  
  149  12:07  Marine x2  
  149  12:08  Marine x3  
  161  12:11  Terran Infantry Weapons Level 3  
  149  12:15  Liberator  
  149  12:16  Liberator  
  151  12:22  Marauder  
  151  12:25  Marine  
  151  12:27  Factory Tech Lab, Terran Infantry Armor Level 3  
  151  12:28  Widow Mine, Liberator  
  151  12:29  Widow Mine  
  162  12:41  Marine x4, Marauder  
  162  12:42  Marine x5  
  176  12:56  Planetary Fortress  
  176  13:02  Bunker  
  171  13:26  Liberator x2, Missile Turret  
  171  13:27  Liberator x3  
  173  13:56  Marine x2, Marauder x2  
  173  13:57  Command Center  
  179  14:06  Terran Ship Weapons Level 2  
  179  14:10  Personal Cloaking  
  179  14:18  Liberator  
  179  14:27  Marine x3  
  179  14:28  Marine x2, Liberator  
  179  14:29  Liberator  
  184  14:35  Command Center  
  193  14:54  Ghost  
  193  14:55  Marine x3  
  193  14:56  Marine x2  
  200  15:16  Marine x4  
  193  15:26  Ghost x2  
  197  15:29  Refinery  
  197  15:31  Refinery, Advanced Ballistics  
  197  15:38  Hi-Sec Auto Tracking  
  182  16:02  Liberator  
  147  16:07  Marine x2  
  147  16:08  Marine x8, Marauder x2  
  137  16:25  Marine x2  
  140  16:26  Marine x7  
  140  16:40  Widow Mine x3  
  68  17:12  Marine x4  
Tags
 
Add a new tag
Caveats
  • Supply blocks, unpowered buildings, or Contaminate may cause inaccurate times.
  • Supply counts are checked every 10 seconds.